 Dungeon Crawl Stone Soup version 0.18.1-50-g88ac8fd (webtiles) character file.

271 seyes the Chucker (level 6, -1/45 HPs)
             Began as a Demonspawn Assassin on Oct 11, 2016.
             Slain by an iguana (7 damage)
             ... on level 4 of the Dungeon.
             The game lasted 00:22:46 (4022 turns).

seyes the Chucker (Demonspawn Assassin)             Turns: 4022, Time: 00:22:46

Health: -1/45      AC:  5    Str: 12    XL:     6   Next: 2%
Magic:  6/6        EV: 17    Int: 12    God:
Gold:   91         SH:  0    Dex: 21    Spells: 0 memorised, 5 levels left

rFire  + . .     SeeInvis .     i - +2 dagger
rCold  . . .     Gourm    .     c - +0 robe
rNeg   . . .     Faith    .     (no shield)
rPois  .         Spirit   .     (no helmet)
rElec  .         Dismiss  .     d - +0 cloak
rCorr  .         Reflect  .     m - +0 pair of gloves
SustAt .         Harm     .     (no boots)
MR     .....                    (no amulet)
Stlth  ++++......               (no ring)
                                (no ring)

@: agile, flying, not resistant to hostile enchantments, stealthy
A: rugged brown scales 1, fire resistance 1
a: no special abilities


You were on level 4 of the Dungeon.
You were not hungry.

You visited 1 branch of the dungeon, and saw 4 of its levels.

You collected 91 gold pieces.

Inventory:

Hand Weapons
 f - a +0 blowgun
 i - a +2 dagger (weapon)
Missiles
 a - 76 stones (quivered)
 b - a curare-tipped needle
 e - 7 poisoned needles
 A - 4 tomahawks
Armour
 c - a +0 robe (worn)
 d - a +0 cloak (worn)
 m - a +0 pair of gloves (worn)
Jewellery
 y - a cursed ring of teleportation
Scrolls
 j - 2 scrolls of identify
 l - 2 scrolls of enchant weapon
 r - a scroll of immolation {unknown}
 t - 2 scrolls of magic mapping {unknown}
 w - a scroll of blinking {unknown}
 x - a scroll of noise {unknown}
 B - a scroll of recharging {unknown}
Potions
 k - 2 potions of curing
 n - a potion of agility
 o - 3 potions of flight
 q - a potion of cure mutation {unknown}
 s - a potion of might {unknown}
 u - a potion of cancellation {unknown}
Comestibles
 g - 4 bread rations
 h - 2 beef jerkies
 p - 2 meat rations
 v - 4 fruits
 z - 6 chunks of flesh


   Skills:
 - Level 2.0 Fighting
 + Level 4.1 Short Blades
 + Level 4.3 Throwing
 - Level 0.8 Dodging
 - Level 3.6 Stealth


You had 5 spell levels left.
You didn't know any spells.

Dungeon Overview and Level Annotations

Branches:
Dungeon (4/15)
 Temple: D:4-7

Altars:
Dithmenos
Qazlal
Vehumet

Annotations:
D:3 knot's ghost, amateur DsAs


Innate Abilities, Weirdness & Mutations

You are partially covered in rugged brown scales (AC +1, +3% HP).
Your flesh is heat resistant.


Message History

You hit the iguana but do no damage.
The iguana is heavily wounded.
The iguana bites you.
* * * LOW HITPOINT WARNING * * *
You hit the iguana.
The iguana is severely wounded.
The iguana bites you.
* * * LOW HITPOINT WARNING * * *
You closely miss the iguana.
The iguana is severely wounded.
The iguana closely misses you.
Drink which item? (? for menu, Esc to quit)
You feel agile all of a sudden. The iguana barely misses you.
You hit the iguana but do no damage.
The iguana is severely wounded.
You hit the iguana.
The iguana is almost dead.
The iguana bites you!
You die...

#.............#
#.#..#...W....#
#.#..#........# #
#..#........#
#..#........### # ..
#..#........... #
....#..#.......?...
........###+######.#
....#......cl@.....#
. #.#.###.########
#.#.# #(....... #
#....c$...###
#.........#
#.........#
#.........#
#.........+
#.........#


You could see a centaur and an iguana.

Vanquished Creatures
  A scorpion (D:2)
  An orc wizard (D:3)
  6 gnolls (D:4)
  4 adders
  2 worms (D:3)
  3 dart slugs (D:1)
  A giant gecko (D:3)
  6 orcs
  2 giant cockroaches
  10 goblins
  10 hobgoblins
  7 jackals
  3 bats
  4 giant newts
  11 kobolds
  7 rats
78 creatures vanquished.

Notes
Turn   | Place    | Note
--------------------------------------------------------------
     0 | D:1      | seyes the Demonspawn Assassin began the quest for the Orb.
     0 | D:1      | Reached XP level 1. HP: 16/16 MP: 1/1
   395 | D:1      | Gained mutation: Your flesh is heat resistant. [demonic ancestry]
   395 | D:1      | Reached XP level 2. HP: 22/22 MP: 2/2
  1076 | D:2      | Reached XP level 3. HP: 27/27 MP: 3/3
  1926 | D:3      | Noticed knot's ghost (amateur DsAs)
  2055 | D:3      | Reached XP level 4. HP: 10/33 MP: 4/4
  2397 | D:2      | Gained mutation: You are partially covered in rugged brown scales (AC +1, +3% HP). [demonic ancestry]
  2397 | D:2      | Reached XP level 5. HP: 18/39 MP: 5/5
  3200 | D:4      | Found a radiant altar of Vehumet.
  3200 | D:4      | Found a stormy altar of Qazlal.
  3205 | D:4      | Found a shadowy altar of Dithmenos.
  3590 | D:4      | Noticed a phantom
  3966 | D:4      | Reached XP level 6. HP: 45/45 MP: 6/6
  4022 | D:4      | Slain by an iguana

Skill      XL: |  1  2  3  4  5 |
---------------+----------------+-----
Short Blades   | 2 3 4 |  4.1
Throwing       | 2 3 4 |  4.3
Fighting       | |  2.0
Dodging        | |  0.8
Stealth        | |  3.6

Action                   |  1- 3 |  4- 6 || total
-------------------------+-------+-------++-------
Melee: Dagger            |   141 |   142 ||   283
 Fire: Blowgun           |     5 |    21 ||    26
Throw: Stone             |    11 |    18 ||    29
       Tomahawk          |       |     1 ||     1
  Use: Potion            |       |     4 ||     4
       Scroll            |       |     4 ||     4
 Stab: Sleeping          |     4 |     2 ||     6
       Distracted        |     1 |       ||     1
  Eat: Chunk             |     3 |     5 ||     8
       Royal jelly       |       |     1 ||     1
Armor: Robe              |    22 |    34 ||    56
Dodge: Dodged            |    54 |    71 ||   125
